 Dungeon Crawl Stone Soup version 0.30-a0-651-g0755cc6dcf (webtiles) character file.

Game seed: 10179674913908064315

213710 Citaku the Impregnable (level 18, -4/167 (168) HPs)
             Began as a Minotaur Fighter on Jan 18, 2023.
             Was an Initiate of Gozag.
             Killed from afar by a deep elf zephyrmancer (15 damage)
             ... with a bolt of lightning
             ... on level 2 of the Elven Halls.
             The game lasted 01:18:53 (32246 turns).

Citaku the Impregnable (Minotaur Fighter)          Turns: 32246, Time: 01:18:54

HP:   -4/167 (168)  AC: 40    Str: 44    XL:     18   Next: 28%
MP:   17/17         EV:  8    Int: 10    God:    Gozag
Gold: 1789          SH: 21    Dex: 13    Spells: 17/17 levels left

rFire   + . .      SeeInvis .    L - +0 war axe (vamp)
rCold   + . .      Faith    .    Q - +2 tower shield {rPois}
rNeg    + . .      Spirit   .    a - +3 shadow dragon scales of the Verdant God {*Corrode *Slow Will+++ Str+9 Stlth++++}
rPois   +          Reflect  .    H - +1 hat of Weightlessness {Rampage rPois Stlth+}
rElec   .          Harm     .    m - +2 cloak {rCorr}
rCorr   +          Rampage  +    y - +1 pair of gloves of the Orcish Mines {rN+ Int+4 Stlth+}
Will    ++++.                    G - +0 pair of boots
Stlth   +++                      r - amulet "Anussy" {rF+ rC+ Regen+ Str-2 Dex+2}
HPRegen 1.27/turn                S - ring "Samehe" {Fly AC+4 Int+2}
MPRegen 0.15/turn                K - +6 ring of strength

@: silenced (expiring), flying, lightly drained, unable to read
A: horns 2, retaliatory headbutt, shaggy fur 1, strong 1, inability to read
after injury 1
}: 1/15 runes: serpentine
a: Renounce Religion


You were on level 2 of the Elven Halls.
You worshipped Gozag.
Gozag was most pleased with you.
You visited 6 branches of the dungeon, and saw 29 of its levels.
You also visited: Sewer.

You collected 12502 gold pieces.
You spent 6127 gold pieces at shops.
You paid 4586 gold pieces to Gozag.

Inventory:

Hand Weapons
 L - a +0 vampiric war axe (weapon)
 N - a +0 broad axe
Armour
 a - the +3 shadow dragon scales of the Verdant God (worn) {*Corrode *Slow Will+++ Str+9 Stlth++++}
   (You bought it in a shop on level 2 of the Orcish Mines)

   Str:       It affects your strength (+9).
   *Corrode:  It may corrode you when you take damage.
   *Slow:     It may slow you when you take damage.
   Will:      It greatly increases your willpower.
   Stlth:     It makes you much more stealthy.
 g - the +0 plate armour of Calculation {rN+ rCorr}
   (You bought it in a shop on level 3 of the Snake Pit)

   rN:        It protects you from negative energy.
   rCorr:     It protects you from acid and corrosion.
 m - a +2 cloak of preservation (worn)
 y - the +1 pair of gloves of the Orcish Mines (worn) {rN+ Int+4 Stlth+}
   (You bought it in a shop on level 7 of the Dungeon)

   Int:       It affects your intelligence (+4).
   rN:        It protects you from negative energy.
   Stlth:     It makes you more stealthy.
 G - a +0 pair of boots (worn)
 H - the +1 hat of Weightlessness (worn) {Rampage rPois Stlth+}
   (You acquired it on level 3 of the Snake Pit)

   rPois:     It protects you from poison.
   Rampage:   It bestows one free step when moving towards enemies.
   Stlth:     It makes you more stealthy.
 Q - a +2 tower shield of poison resistance (worn)
Jewellery
 r - the amulet "Anussy" (around neck) {rF+ rC+ Regen+ Str-2 Dex+2}
   (You found it on level 5 of the Dungeon)

   [amulet of regeneration]

   Str:       It affects your strength (-2).
   Dex:       It affects your dexterity (+2).
   rF:        It protects you from fire.
   rC:        It protects you from cold.
   Regen:     It increases your rate of health regeneration.
 K - a +6 ring of strength (right hand)
 S - the ring "Samehe" (left hand) {Fly AC+4 Int+2}
   (You found it on level 3 of the Snake Pit)

   [ring of protection]

   AC:        It affects your AC (+4).
   Int:       It affects your intelligence (+2).
   Fly:       It grants you flight.
Wands
 f - a wand of quicksilver (20)
 o - a wand of charming (40)
 t - a wand of polymorph (13)
 v - a wand of mindburst (16)
 w - a wand of iceblast (11)
 I - a wand of flame (28)
 M - a wand of digging (3)
Scrolls
 b - 3 scrolls of butterflies
 i - 7 scrolls of amnesia
 k - 13 scrolls of teleportation
 l - 2 scrolls of noise
 n - 5 scrolls of fog
 u - 2 scrolls of fear
 z - 16 scrolls of identify
 A - 4 scrolls of vulnerability
 D - 5 scrolls of enchant weapon
 F - a scroll of torment
 O - a scroll of poison
Potions
 c - 2 potions of cancellation
 d - a potion of ambrosia
 e - 3 potions of mutation
 h - 7 potions of curing
 j - 6 potions of attraction
 p - 2 potions of flight
 q - 2 potions of brilliance
 x - 3 potions of lignification
 E - 3 potions of invisibility
 J - a potion of might
Miscellaneous
 T - a tin of tremorstones (2/2)


   Skills:
 + Level 16.9 Fighting
 * Level 23.0 Axes
 * Level 23.0 Armour
 + Level 16.8 Shields


You had 17 spell levels left.
You didn't know any spells.
Your spell library contained the following spells:

 Spells                   Type           Power      Damage    Failure   Level
 Apportation              Tloc           0%         N/A       90%         1
 Necrotise                Necr           0%         1d4       90%         1
 Sting                    Tmut/Pois      0%         1d3       90%         1
 Summon Small Mammal      Summ           0%         N/A       90%         1
 Poisonous Vapours        Pois/Air       0%         N/A       97%         2
 Scorch                   Fire           0%         2d5       97%         2
 Call Canine Familiar     Summ           0%         N/A       99%         3
 Dazzling Flash           Conj/Hex       0%         N/A       99%         3
 Inner Flame              Hex/Fire       0%         N/A       99%         3
 Ozocubu's Armour         Ice            0%         N/A       99%         3
 Summon Guardian Golem    Hex/Summ       0%         N/A       99%         3
 Flame Wave               Conj/Fire      0%         2d4       100%        4
 Olgreb's Toxic Radiance  Pois           0%         N/A       100%        4
 Sticky Flame             Conj/Fire      0%         2d3       100%        4
 Agony                    Necr           0%         N/A       100%        5
 Alistair's Intoxication  Tmut/Pois      0%         N/A       100%        5
 Borgnjor's Vile Clutch   Necr/Erth      0%         N/A       100%        5
 Metabolic Englaciation   Hex/Ice        0%         N/A       100%        5
 Silence                  Hex/Air        0%         N/A       100%        5
 Eringya's Noxious Bog    Tmut/Pois      0%         N/A       100%        6
 Summon Cactus Giant      Summ           0%         N/A       100%        6
 Haunt                    Necr/Summ      0%         N/A       100%        7
 Orb of Destruction       Conj           0%         9d5       100%        7
 Spellforged Servitor     Conj/Summ      0%         N/A       100%        7
 Infestation              Necr           0%         N/A       100%        8
 Animate Dead             Necr           Unusable   N/A       N/A         4
 Simulacrum               Ice/Necr       Unusable   N/A       N/A         6

Dungeon Overview and Level Annotations

Branches:
Dungeon (15/15) Temple (1/1) D:4 Lair (5/5) D:9 Swamp (0/4) Lair:3 Snake (4/4) Lair:3 Slime (0/5) Lair:4 Orc (2/2) D:10 Elf (2/3) Orc:2 Vaults (0/5) D:12 D:13 Depths (0/4) D:15 Sewer (visited)

Altars:
Ashenzari
Cheibriados
Dithmenos
Elyvilon
Fedhas
Gozag
Hepliaklqana
Kikubaaqudgha
Makhleb
Nemelex Xobeh
Okawaru
Qazlal
Ru
Sif Muna
Trog
Uskayaw
Vehumet
Wu Jian
Xom
Yredelemnul
Zin
The Shining One
Jiyva

Shops:
D:1 (   D:6 (   D:7 [   D:8 :   D:12 ?   Orc:2 :[[(*   Snake:2 *=?
Snake:3 *[![(

Portals:
Trove: D:10 (give 16 scrolls of teleportation)

Annotations:
D:7 2 transporters, TimeIsEndless's ghost, novice VSBr


Innate Abilities, Weirdness & Mutations

You have a pair of horns on your head.
You reflexively headbutt those who attack you in melee.
You are covered in fur. (AC +1)
Your muscles are strong. (Str +4, Int/Dex -1)
You occasionally lose the ability to read scrolls when taking damage.


Message History

The deep elf zephyrmancer casts a spell at you.
The bolt of lightning misses the +2 trident of freezing.
The bolt of lightning hits you!
* * * LOW HITPOINT WARNING * * *
You block the +3 bardiche of freezing's attack.
The deep elf pyromancer points at you and mumbles some strange words.
The bolt of fire hits something!!!
The bolt of fire hits you. You resist.
* * * LOW HITPOINT WARNING * * *
You block something's attack.
The +1 battleaxe of electrocution hits you but does no damage.
Something hits you.
* * * LOW HITPOINT WARNING * * *
You feel better.
The +3 trident of venom is no longer distracted by gold.
The +2 trident of freezing is no longer distracted by gold.
The +3 trident of venom hits you but does no damage.
The +2 trident of freezing hits you but does no damage.
The deep elf zephyrmancer mumbles some strange words.
The deep elf zephyrmancer blinks!
You block the +3 bardiche of freezing's attack.
You block something's attack.
The +1 battleaxe of electrocution barely misses you.
You block the +3 trident of venom's attack.
You closely miss the +1 battleaxe of electrocution.
You headbutt the +1 battleaxe of electrocution, but do no damage.
The +1 battleaxe of electrocution is severely damaged.
You slash something! You completely miss something.
The deep elf knight is no longer distracted by gold.
The +2 trident of freezing hits you from afar.
* * * LOW HITPOINT WARNING * * *
Something hits you but does no damage.
A shard of ice appears from out of thin air!
You block the shard of ice.
The deep elf zephyrmancer casts a spell at you.
The bolt of lightning misses the +2 trident of freezing.
The bolt of lightning hits you!!
* * * LOW HITPOINT WARNING * * *
The bolt of lightning hits you!
You die...
Your body crumbles into a pile of gold. ## #..........## # #⌠..........## #............# . #..........⌠.# .. ##...........# ... ##..........# .... ##.........# ee...

##..⌠....$##......
##.......@({{....
#######${.(.....
#(((e.....
..e.......
...........
.e..........
.............
..............


You could see a deep elf knight, 2 deep elf pyromancers, 2 deep elf
zephyrmancers and 5 dancing weapons.

Vanquished Creatures
  Nikola (Snake:4)
  A deep elf blademaster (Elf:2)
  Gastronok (Orc:1)
  12 nagarajas
  A deep elf sorcerer (Elf:1)
  An orc warlord (Orc:1)
  Aizul (Snake:2)
  A very ugly thing (D:15)
  The ghost of Olesech the Severer, a journeyman DDGl of Trog (Lair:5)
  Nessos (Orc:2)
  The ghost of Ydwoarch the Cleaver, a journeyman MiFi of Okawaru (D:13)
  Josephine (Lair:5)
  2 fire dragons
  9 salamander tyrants
  7 hydras
  7 centaur warriors
  An anaconda (shapeshifter) (D:14)
  3 boulder beetles
  14 anacondas
  20 dancing weapons
  3 two-headed ogres
  10 death yaks
  15 naga warriors
  2 tengu warriors (D:15)
  8 naga sharpshooters
  8 shock serpents
  Urug (D:12)
  13 deep elf knights
  An orc high priest (Orc:2)
  5 salamander mystics
  A sea snake (Snake:3)
  2 spectral hydras (Lair:5)
  6 naga ritualists
  A lindwurm (Lair:5)
  8 deep elf archers
  19 deep elf pyromancers
  2 wizards (D:15)
  10 mana vipers
  5 orc knights
  16 deep elf zephyrmancers
  A necromancer (D:15)
  An oklob plant (Orc:1)
  A manticore (D:13)
  4 orc sorcerers
  2 cyclopes
  8 ugly things
  A centaur zombie (D:15)
  6 guardian serpents
  29 salamanders
  11 elephants
  2 black mambas (shapeshifter)
  20 naga magi
  47 black mambas
  A centaur skeleton (D:15)
  A torpor snail (Lair:3)
  2 molten gargoyles (Lair:5)
  7 komodo dragons
  2 gargoyles
  An unseen horror (D:12)
  6 cane toads
  2 efreet
  3 rime drakes
  2 tengu conjurers (D:15)
  A polar bear (Lair:1)
  8 trolls
  21 blink frogs
  7 dream sheep (Lair:5)
  A spectral black mamba (Lair:5)
  4 air elementals
  Sigmund (D:2)
  A centaur simulacrum (D:15)
  11 slime creatures
  A water elemental (Elf:1)
  A vampire (D:13)
  7 wyverns
  57 yaks
  7 wraiths
  2 shadows
  16 humans (D:12)
  6 basilisks
  A golden eye (shapeshifter) (D:14)
  5 fire elementals
  6 vampire mosquitoes
  5 steam dragons
  Menkaure (D:6)
  32 nagas
  13 water moccasins
  4 hell hounds (Lair:5)
  4 wargs
  Duvessa (D:6)
  2 acid dragons
  34 orc warriors
  4 black bears
  A boulder beetle simulacrum (Lair:5)
  A spectral torpor snail (Lair:5)
  An ice beast (D:7)
  A sky beast (D:7)
  7 ogres
  A centaur (D:6)
  12 wolves
  A phantom (D:5)
  4 kobold brigands
  2 earth elementals (Elf:1)
  3 gnoll sergeants
  5 scorpions
  11 bullfrogs
  A cane toad simulacrum (Lair:5)
  12 wights
  Dowan (D:6)
  A dream sheep simulacrum (Lair:5)
  8 killer bees
  3 electric eels
  6 howler monkeys
  5 hounds
  A jelly (D:5)
  5 lava snakes (Lair:5)
  A gnoll bouda (D:10)
  13 orc priests
  Terence (D:2)
  6 hell rats (Lair:5)
  4 iguanas
  25 orc wizards
  A boggart skeleton (D:15)
  22 gnolls
  10 adders
  A shadow imp (D:5)
  An ufetubus (D:7)
  5 worms
  74 orcs
  13 endoplasms
  5 giant cockroaches
  6 goblins
  8 hobgoblins
  6 jackals
  5 quokkas
  12 ball pythons
  7 bats
  4 frilled lizards
  29 kobolds
  10 rats
  4 bushes (Lair:3)
1012 creatures vanquished.

Vanquished Creatures (others)
  3 deep elf knights
  A salamander (Snake:4)
  A naga mage (Snake:4)
  An air elemental (Elf:1)
  An orc (Orc:2)
  3 bushes
  34 fungi
  101 plants
145 creatures vanquished.

Grand Total: 1157 creatures vanquished

Notes
Turn   | Place    | Note
-------+----------+-------------------------------------------
     0 | D:1      | Citaku the Minotaur Fighter began the quest for the Orb.
     0 | D:1      | Reached XP level 1. HP: 19/19 MP: 0/0
    98 | D:1      | Reached XP level 2. HP: 16/27 MP: 1/1
   254 | D:1      | Found a faded altar of an unknown god.
   299 | D:1      | Reached XP level 3. HP: 29/33 MP: 2/2
   686 | D:2      | Noticed Terence
   693 | D:2      | Killed Terence
   694 | D:2      | Reached XP level 4. HP: 28/40 MP: 3/3
   757 | D:2      | Found a shimmering altar of Xom.
   823 | D:2      | Noticed Sigmund
   836 | D:2      | Killed Sigmund
   837 | D:2      | Reached skill level 5 in Armour
   837 | D:2      | Reached XP level 5. HP: 46/47 MP: 4/4
   928 | D:2      | Reached XP level 6. HP: 53/53 MP: 5/5
   960 | D:2      | Reached skill level 5 in Axes
  1078 | D:2      | Identified the +0 chain mail "Buil" {-Tele rC+ Dex+3}
  1564 | D:3      | Found a broken altar of Ashenzari.
  1871 | D:3      | Reached skill level 5 in Fighting
  1932 | D:3      | Found a glowing drain.
  1942 | Sewer    | Entered a sewer
  2007 | Sewer    | Reached skill level 5 in Shields
  2062 | Sewer    | Reached XP level 7. HP: 61/61 MP: 6/6
  2283 | Sewer    | Gained mutation: You are covered in fur. (AC +1) [potion of
                  | mutation]
  2283 | Sewer    | Gained mutation: Your muscles are strong. (Str +4, Int/Dex
                  | -1) [potion of mutation]
  2770 | D:3      | Found a burning altar of Makhleb.
  2913 | D:3      | Identified a scroll of acquirement
  2915 | D:3      | Acquired 1064 gold pieces
  3116 | D:4      | Found an iron altar of Okawaru.
  3666 | D:4      | Found a sparkling altar of Nemelex Xobeh.
  3666 | D:4      | Found a white marble altar of Elyvilon.
  3666 | D:4      | Found a hazy altar of Hepliaklqana.
  3792 | D:4      | Found a staircase to the Ecumenical Temple.
  4010 | Temple   | Entered the Ecumenical Temple
  4029 | Temple   | Became a worshipper of Gozag Ym Sagoz the Greedy
  4096 | D:5      | Entered Level 5 of the Dungeon
  4104 | D:5      | Reached XP level 8. HP: 67/70 MP: 7/7
  4345 | D:5      | Identified the amulet "Anussy" {rF+ rC+ Regen+ Str-2 Dex+2}
  4949 | D:6      | Noticed Menkaure
  5100 | D:6      | Killed Menkaure
  5148 | D:6      | Found Muezop's Weapon Shop.
  5150 | D:6      | Noticed Duvessa
  5159 | D:6      | Noticed Dowan
  5162 | D:6      | Killed Duvessa
  5166 | D:6      | Killed Dowan
  5169 | D:6      | Reached XP level 9. HP: 68/78 MP: 8/8
  5460 | D:6      | Identified the +5 dagger of Tumult {spect, rN+}
  5551 | D:7      | Found a transporter.
  5562 | D:7      | Noticed TimeIsEndless's ghost (novice VSBr)
  5658 | D:7      | Found a transporter.
  5666 | D:7      | Noticed a cyan ugly thing
  6330 | D:7      | Bought a pair of scorched gloves for 228 gold pieces
  6330 | D:7      | Identified the +1 pair of gloves of the Orcish Mines {rN+
                  | Int+4 Stlth+} (You bought it in a shop on level 7 of the
                  | Dungeon)
  6330 | D:7      | Bought a runed plate armour for 624 gold pieces
  6359 | D:8      | Reached skill level 10 in Armour
  6401 | D:8      | Reached skill level 10 in Axes
  6579 | D:8      | Found Nyxeucs's Book Emporium.
  7025 | D:9      | Noticed a troll
  7030 | D:9      | Killed a troll
  7031 | D:9      | Reached XP level 10. HP: 78/88 MP: 9/9
  7303 | D:9      | Noticed a gargoyle
  7312 | D:9      | Killed a gargoyle
  7494 | D:9      | Noticed an elephant
  7581 | D:9      | Killed an elephant
  7596 | D:9      | Found a staircase to the Lair.
  7651 | D:9      | Found a stormy altar of Qazlal.
  8091 | D:10     | Entered Level 10 of the Dungeon
  8218 | D:10     | Found a portal to a secret trove of treasure.
  8610 | D:10     | Noticed an orc knight
  8644 | D:10     | Killed an orc knight
  8645 | D:10     | Reached XP level 11. HP: 66/97 MP: 10/10
  8828 | D:10     | You fall into a shaft and drop 3 floors!
  8838 | D:13     | Noticed a boulder beetle
  8846 | D:13     | Found a runed translucent door.
  8848 | D:13     | Noticed Ydwoarch's ghost (journeyman MiFi)
  8916 | D:13     | Noticed a cyan ugly thing
  8937 | D:13     | Killed a cyan ugly thing
  8996 | D:13     | Noticed a seven-headed hydra
  9027 | D:13     | Noticed a centaur warrior
  9047 | D:13     | Killed a centaur warrior
  9797 | D:11     | Found a hide-covered altar of Uskayaw.
  9815 | D:11     | Noticed a white ugly thing
  9834 | D:11     | Killed a white ugly thing
  9862 | D:11     | Noticed a two-headed ogre
  9882 | D:11     | Killed a two-headed ogre
 10021 | D:11     | Reached skill level 10 in Fighting
 10026 | D:11     | Reached skill level 10 in Shields
 10672 | D:10     | Found a staircase to the Orcish Mines.
 11031 | D:12     | Found Kacsud's Magic Scroll Shoppe.
 11034 | D:12     | Bought a scroll of identify for 30 gold pieces
 11034 | D:12     | Bought a scroll of identify for 30 gold pieces
 11037 | D:12     | Bought 2 scrolls of blinking for 225 gold pieces
 11037 | D:12     | Bought a scroll of blinking for 112 gold pieces
 11062 | D:12     | Noticed a two-headed ogre
 11069 | D:12     | Killed a two-headed ogre
 11376 | D:12     | Reached XP level 12. HP: 103/106 MP: 11/11
 11818 | D:13     | Killed a boulder beetle
 12015 | Orc:1    | Entered Level 1 of the Orcish Mines
 12015 | Orc:1    | Noticed Gastronok
 12163 | Orc:1    | Killed Gastronok
 13517 | Orc:2    | Entered Level 2 of the Orcish Mines
 13517 | Orc:2    | Noticed Nessos
 13517 | Orc:2    | Found Ymyedana's Armour Emporium.
 13559 | Orc:2    | Found Irghy's Antique Armour Emporium.
 13619 | Orc:2    | Found a staircase to the Elven Halls.
 13619 | Orc:2    | Found Neypn's Antique Weapon Shop.
 13837 | Orc:1    | Reached skill level 15 in Armour
 14026 | Orc:2    | Noticed an orc warlord
 14236 | Orc:1    | Reached skill level 15 in Axes
 14256 | Orc:2    | Noticed an orc high priest
 14324 | Orc:2    | Killed an orc high priest
 14377 | Orc:1    | Killed an orc warlord
 14582 | Orc:2    | Gained mutation: You occasionally lose the ability to read
                  | scrolls when taking damage. [a neqoxec]
 14633 | Orc:2    | Found Gadasic's Book Emporium.
 14703 | Orc:2    | Bought heavily runed shadow dragon scales for 2550 gold
                  | pieces
 14703 | Orc:2    | Identified the +3 shadow dragon scales of the Verdant God
                  | {*Corrode *Slow Will+++ Str+9 Stlth++++} (You bought it in
                  | a shop on level 2 of the Orcish Mines)
 14796 | Orc:2    | Reached XP level 13. HP: 116/116 MP: 12/12
 15014 | Orc:2    | Killed Nessos
 15231 | Orc:2    | Found Qulorgh's General Store.
 15239 | Orc:2    | Bought a scroll of blinking for 112 gold pieces
 15239 | Orc:2    | Bought a scroll of teleportation for 45 gold pieces
 15317 | Orc:2    | Bought an embroidered cloak for 225 gold pieces
 15439 | D:13     | Noticed a fire dragon
 15439 | D:13     | Noticed Urug
 15439 | D:13     | Found a gate to the Vaults.
 15471 | D:12     | Killed Urug
 15564 | D:13     | Killed a fire dragon
 15830 | D:13     | Killed Ydwoarch's ghost
 16202 | D:14     | Found a shadowy altar of Dithmenos.
 16764 | D:15     | Entered Level 15 of the Dungeon
 17028 | D:15     | Found a staircase to the Depths.
 17072 | D:15     | Reached XP level 14. HP: 114/127 MP: 13/13
 17254 | D:15     | Noticed a brown very ugly thing
 17265 | D:15     | Killed a brown very ugly thing
 17872 | D:12     | Bought a scroll of identify for 30 gold pieces
 18602 | Lair:1   | Entered Level 1 of the Lair of Beasts
 20012 | Lair:3   | Found a staircase to the Snake Pit.
 20423 | Lair:3   | Found a staircase to the Swamp.
 20455 | Lair:3   | HP: 6/129 [14-headed hydra (10)]
 21332 | D:1      | Bought an ichor-stained longbow for 345 gold pieces
 21332 | D:1      | Identified the +9 longbow of Soft Action {freeze, rCorr
                  | Str+5} (You bought it in a shop on level 1 of the Dungeon)
 21721 | Lair:4   | Found a viscous altar of Jiyva.
 21722 | Lair:4   | Found a staircase to the Slime Pits.
 21903 | Lair:4   | Reached XP level 15. HP: 137/137 MP: 14/14
 22454 | Lair:5   | Entered Level 5 of the Lair of Beasts
 22546 | Lair:5   | Noticed Josephine
 22554 | Lair:5   | Killed Josephine
 22890 | Lair:5   | Found a runed translucent gate.
 22890 | Lair:5   | Found a runed translucent gate.
 22892 | Lair:5   | Found a runed translucent gate.
 23148 | Lair:5   | Noticed Olesech's ghost (journeyman DDGl)
 23471 | Lair:5   | Found a large runed translucent door.
 23472 | Lair:5   | Found a large runed translucent door.
 23809 | Lair:5   | Killed Olesech's ghost
 24128 | Snake:1  | Entered Level 1 of the Snake Pit
 24727 | Snake:1  | Noticed a nagaraja
 24738 | Snake:1  | Killed a nagaraja
 24894 | Snake:1  | Reached XP level 16. HP: 131/147 MP: 15/15
 25737 | Snake:2  | Reached skill level 15 in Fighting
 26101 | Snake:2  | Noticed Aizul
 26121 | Snake:2  | Killed Aizul
 26194 | Snake:2  | Reached skill level 15 in Shields
 26603 | Snake:2  | Bought a scroll of magic mapping for 90 gold pieces
 26702 | Snake:3  | Found Makiphil's Antique Armour Shop.
 26731 | Snake:3  | Found Bonk's Antique Armour Boutique.
 26734 | Snake:3  | Found Rid Ostro's Weapon Boutique.
 26898 | Snake:3  | Found Exkafis's Distillery.
 27018 | Snake:3  | Bought a potion of heal wounds for 75 gold pieces
 27018 | Snake:3  | Bought a potion of haste for 150 gold pieces
 27273 | Snake:3  | Found Tacwil's Assorted Antiques.
 27281 | Snake:3  | Bought a potion of berserk rage for 155 gold pieces
 27281 | Snake:3  | Bought a scroll of teleportation for 93 gold pieces
 27547 | Snake:3  | Identified the ring "Samehe" {Fly AC+4 Int+2}
 27622 | Snake:3  | Acquired the +1 hat of Weightlessness {Rampage rPois
                  | Stlth+}
 27672 | Snake:4  | Entered Level 4 of the Snake Pit
 27935 | Snake:4  | Reached XP level 17. HP: 156/157 MP: 16/16
 28058 | Snake:4  | Noticed Nikola
 28171 | Snake:4  | Identified the +0 short sword "Spiderslayer" {heavy, Drain
                  | rElec Str-4 Int+10}
 28406 | Snake:4  | Identified the +11 mace "Vackipn" {freeze, rN+}
 28724 | Snake:4  | Killed Nikola
 28779 | Snake:4  | Got a serpentine rune of Zot
 29505 | Elf:1    | Entered Level 1 of the Elven Halls
 29744 | Snake:3  | Bought a smoking plate armour for 1008 gold pieces
 29744 | Snake:3  | Identified the +0 plate armour of Calculation {rN+ rCorr}
                  | (You bought it in a shop on level 3 of the Snake Pit)
 30532 | Elf:1    | Identified the +3 leather armour of the Gusle {Dex+2}
 31024 | Elf:1    | Paralysed by an air elemental for 1 turns
 31159 | Elf:1    | Reached XP level 18. HP: 166/168 MP: 17/17
 31492 | Elf:2    | Paralysed by an air elemental for 1 turns
 31498 | Elf:2    | Paralysed by an air elemental for 1 turns
 31758 | Elf:2    | Found a runed translucent gate.
 31763 | Elf:2    | Found a runed translucent gate.
 31763 | Elf:2    | Found a runed translucent gate.
 31796 | Elf:2    | Paralysed by an air elemental for 1 turns
 32246 | Elf:2    | Killed from afar by a deep elf zephyrmancer

Illustrated notes

Levels and vault maps discovered:
D:1:      tekkud_arrival_beachfront_property, layout_basic,
          shapermc_ecumenical_altar_venn
D:2:      layout_basic, basic_altar, serial_rivers,
          chequers_serial_rivers_micro_c, chequers_serial_rivers_micro_a,
          chequers_serial_rivers_micro_a, chequers_serial_rivers_room_b,
          uniq_terence, uniq_sigmund
D:3:      layout_loops_ring, lightli_temple_of_fire,
          mainiacjoe_overflow_six_doors_small, cheibrodos_sewer_entry_drain
D:4:      layout_cave_pools, gammafunk_temple_overflow_forgotten,
          mainiacjoe_overflow_cross_hatched, minmay_temple_entry_statues
D:5:      nicolae_cairo_tiling_very_big, layout_rooms, chequers_big_river
D:6:      layout_rooms, minmay_shop_grid_forest, uniq_duvessa, uniq_menkaure
D:7:      layout_loops_ring, gammafunk_ghost_abyssal_escape
D:8:      layout_basic, serial_shops, nicolae_shop_statue_plus
D:9:      layout_basic, nicolae_qazlal_eye_of_the_storm, david_lair_generic
D:10:     layout_loops_corners, erik_orc_2, nicolae_trove_entry_crossroad
D:11:     layout_cave_pods, gauntlet_entry_generic, nicolae_uskayaw_dance_hall
D:12:     layout_roguey, serial_shops, kennysheep_mini
D:13:     layout_roguey, david_vaults_3, hellmonk_ghost_happy_afterlife
D:14:     layout_basic, skrybe_limestone_x, kennysheep_decorative_pillar,
          nicolae_dithmenos_shadow_blocks
D:15:     grunt_enter_depths_magical_seal, layout_irregular_city,
          chequers_serial_rivers_small_b, minmay_unpleasant_kobolds
Temple:   eino_wide_crystal_templ
Lair:1:   layout_long_grid, st_stairs_6
Lair:2:   layout_big_grid, serial_bayou_shore_a
Lair:3:   layout_hall_layers, swamp_mist_pool, guppyfry_snake_entry_garden,
          serial_forest, infiniplex_forest_end_3, infiniplex_forest_clump_cross,
          infiniplex_forest_corner_2, infiniplex_forest_end_3,
          infiniplex_forest_zigzag_1, infiniplex_forest_clump_C, st_stairs_3
Lair:4:   layout_cave_shapes, dpeg_slime_entry_corner, grunt_megastairs_1
Lair:5:   cheibrodos_lair_end_hotspot, layout_loops_ring,
          gammafunk_ghost_necromancy, uniq_josephine
Snake:1:  layout_misc_corridors, nicolae_triple_integral
Snake:2:  layout_grid_maze, uniq_aizul
Snake:3:  minmay_snake_river, layout_misc_corridors, serial_shops, shop, shop,
          shop, nicolae_shop_hallway_stairs, nicolae_shop_overgrown_old_shop
Snake:4:  grunt_snake_rune_spirals, layout_onion_interference, uniq_nikola
Orc:1:    layout_caves, basic_altar, mines3_lemuel, uniq_gastronok
Orc:2:    grunt_orc_gardens, layout_caves, grunt_orc_garden, grunt_orc_garden,
          grunt_orc_garden, grunt_orc_garden, serial_shops, shop, uniq_nessos
Elf:1:    elf_arrival_002, layout_loops_cross, evilmike_minifort
Elf:2:    nicolae_elf_blades_crystal_corner, layout_geoelf_grid

Skill      XL: |  1  2  3  4  5  6  7  8  9 10 11 12 13 14 15 16 17 18 |
---------------+-------------------------------------------------------+-----
Armour         | 4 5 6 7 9 10 12 14 15 17 18 20 21 22 23 | 23.0
Axes           | 3 4 5 6 8 10 12 13 15 17 18 19 21 22 23 | 23.0
Fighting       | 4 5 6 7 9 10 11 12 13 14 15 16 | 16.9
Shields        | 4 5 6 7 9 10 11 12 13 14 15 16 | 16.8

Action                   |  1- 3 |  4- 6 |  7- 9 | 10-12 | 13-15 | 16-18 || total
-------------------------+-------+-------+-------+-------+-------+-------++-------
Melee: War axe           |    66 |   127 |   322 |   731 |   988 |  1101 ||  3335
       Headbutt          |     8 |    18 |    47 |   151 |   241 |   279 ||   744
Invok: Call Merchant     |       |       |     1 |       |     1 |     3 ||     5
Evoke: Wand              |       |       |       |    11 |       |       ||    11
  Use: Potion            |       |     1 |    13 |     8 |     8 |    11 ||    41
       Scroll            |       |       |    19 |     9 |     6 |    13 ||    47
 Stab: Distracted        |       |       |     3 |     4 |     8 |    15 ||    30
       Sleeping          |       |       |       |       |    12 |    10 ||    22
Armor: Scale mail        |    27 |    64 |    82 |       |       |       ||   173
       Plate armour      |       |       |    72 |   443 |       |       ||   515
       Skin              |       |       |       |    10 |       |       ||    10
       Shadow dragon sca |       |       |       |     1 |   722 |   577 ||  1300
Dodge: Dodged            |    23 |    62 |   107 |   214 |   355 |   181 ||   942
Block: Buckler           |    15 |    28 |    81 |    24 |       |       ||   148
       Kite shield       |       |       |       |   373 |   618 |    82 ||  1073
       Tower shield      |       |       |       |       |       |   913 ||   913

Table legend: (Time is in decaauts)
 A = Elapsed time spent in this place.
 B = Non-inter-level travel time spent in this place.
 C = Inter-level travel time spent in this place.
 D = Time resting spent in this place.
 E = Time spent auto-exploring this place.
 F = Levels seen in this place.
 G = Mean time per level.
                   A        B        C        D        E       F      G
               +--------+--------+--------+--------+--------+-----+--------+
         Total |  33506 |  30343 |   3163 |   1248 |  19442 |  30 | 1116.9 |
       Dungeon |  16255 |  14165 |   2090 |    674 |   9738 |  15 | 1083.7 |
        Temple |     63 |     50 |     13 |      0 |     29 |   1 |   63.0 |
          Lair |   5842 |   5299 |    543 |    134 |   3613 |   5 | 1168.4 |
     Snake Pit |   5436 |   5042 |    394 |     39 |   3320 |   4 | 1359.0 |
  Orcish Mines |   3351 |   3229 |    122 |    401 |   1402 |   2 | 1675.5 |
   Elven Halls |   1993 |   1993 |      0 |      0 |   1061 |   2 |  996.5 |
         Sewer |    561 |    561 |      0 |      0 |    277 |   1 |  561.0 |
               +--------+--------+--------+--------+--------+-----+--------+

Top non-repeatable levels by time:
   Orc:1: 2019 daAuts
    D:10: 1897 daAuts
 Snake:2: 1718 daAuts
  Lair:5: 1618 daAuts
 Snake:4: 1574 daAuts
  Lair:3: 1555 daAuts
     D:3: 1338 daAuts
   Orc:2: 1332 daAuts
    D:13: 1306 daAuts
     D:4: 1241 daAuts
    D:11: 1229 daAuts
     D:9: 1202 daAuts
  Lair:4: 1155 daAuts
   Elf:1: 1132 daAuts
     D:2: 1114 daAuts
